 Dungeon Crawl Stone Soup version 0.23.0-33-g5e6c059 (webtiles) character file.

Game seed: 11249112635044931984

249 tdavidsm the Skirmisher (level 6, -2/51 HPs)
             Began as a Formicid Abyssal Knight on Feb 26, 2019.
             Was a Follower of Lugonu.
             Slain by Eustachio
             ... wielding a +1 rapier of electrocution
              (19 damage)
             ... on level 7 of the Dungeon.
             The game lasted 00:23:40 (1389 turns).

tdavidsm the Skirmisher (Formicid Abyssal Knight)   Turns: 1389, Time: 00:23:41

Health: -2/51      AC:  5    Str: 19    XL:     6   Next: 34%
Magic:  7/7        EV: 11    Int: 16    God:    Lugonu [*.....]
Gold:   42         SH:  0    Dex: 10    Spells: 5/5 levels left

rFire    . . .     SeeInvis +   a - +1 hand axe
rCold    . . .     Gourm    .   (no shield)
rNeg     . . .     Faith    .   g - +0 ring mail
rPois    +         Spirit   .   (helmet unavailable)
rElec    .         Reflect  .   (no cloak)
rCorr    .         Harm     .   (no gloves)
MR       .....                  (no boots)
Stlth    +.........             (no amulet)
HPRegen  0.17/turn              k - ring of poison resistance
MPRegen  0.10/turn              (no ring)

@: brilliant
A: permanent stasis, dig shafts and tunnels, four strong arms, antennae 3
a: Dig, Shaft Self, Depart the Abyss, Renounce Religion


You were on level 7 of the Dungeon.
You worshipped Lugonu.
Lugonu was aware of your devotion.
You were not hungry.

You visited 1 branch of the dungeon, and saw 6 of its levels.
You visited the Abyss 1 time.

You collected 42 gold pieces.

Inventory:

Hand Weapons
 a - a +1 hand axe (weapon)
Armour
 b - a +0 leather armour
 g - a +0 ring mail (worn)
Jewellery
 j - a +2 ring of protection {unknown}
 k - a ring of poison resistance (left hand)
Wands
 f - a wand of random effects (6)
Comestibles
 c - a ration


   Skills:
 + Level 5.0 Fighting
 + Level 4.3 Axes
 + Level 3.3 Armour
 + Level 1.3 Dodging
 + Level 0.2 Stealth
 + Level 2.2 Invocations


You had 5 spell levels left.
You didn't know any spells.
Your spell library was empty.

Dungeon Overview and Level Annotations

Branches:
Dungeon (7/15)
 Temple: D:4-7

Altars:
The Shining One

Annotations:
D:7 Eustachio


Innate Abilities, Weirdness & Mutations

You cannot be hasted, slowed, berserked, paralysed or teleported.
You can dig through walls and to a lower floor.
Your four strong arms can wield two-handed weapons with a shield.
You have a pair of large antennae on your head. (SInv)


Message History

The iron imp closely misses you.
You climb downwards.
The white imp disappears in a puff of smoke!
The shadow imp disappears in a puff of smoke!
The iron imp disappears in a puff of smoke!
There is a stone staircase leading up here.
You feel better.
Eustachio mumbles some strange words.
Eustachio blinks!
As you read the scroll labeled OFIFOA UNAO, it crumbles to dust.
The scroll dissolves into smoke.
It was a scroll of fog.
As you read the scroll labeled FAENUI SOIGUUS, it crumbles to dust.
You feel blessed for a moment.
It was a scroll of remove curse.
Eustachio casts a spell.
Eustachio blinks!
It was a potion of brilliance.
You feel clever all of a sudden.
Eustachio hits you with a +1 rapier of electrocution.
You are electrocuted!!
You die...

##.....## #.......# ##
......## ###..#....###..
.....######...@..........
..............§........#
.............§.§§§§...#
.############§.§§§§.§##
..# #.§§§§..## ...#
##...@§..# ...#
#....@..## ....#
#...#...# ......
#...###...# .......
....## ##...# .......
...# #..# ... #..# ..
#..# ##.. ..


You could see Eustachio.

Vanquished Creatures
  2 bullfrogs
  A crimson imp (D:7)
  A hound (D:6)
  A centaur skeleton (D:7)
  A worker ant (D:6)
  A dart slug (D:1)
  A goblin (D:1)
  4 hobgoblins (D:1)
  2 jackals (D:3)
  A quokka (D:6)
  A frilled lizard (D:1)
  A kobold (D:1)
  2 rats (D:1)
19 creatures vanquished.

Notes
Turn   | Place    | Note
-------+----------+-------------------------------------------
     0 | Abyss:1  | tdavidsm the Formicid Abyssal Knight began the quest for
                  | the Orb.
     0 | Abyss:1  | Reached XP level 1. HP: 18/18 MP: 2/2
     4 | Abyss:1  | Found a corrupted altar of Lugonu.
    39 | D:1      | Escaped the Abyss
   304 | D:1      | Found a glowing golden altar of the Shining One.
   417 | D:1      | Reached XP level 2. HP: 18/24 MP: 3/3
   599 | D:3      | You fall through a shaft for 3 floors!
   605 | D:6      | Reached skill level 4 in Fighting
   605 | D:6      | Reached XP level 3. HP: 22/30 MP: 4/4
   714 | D:6      | Reached XP level 4. HP: 23/38 MP: 5/5
   737 | D:6      | Noticed a bullfrog
   746 | D:5      | Entered Level 5 of the Dungeon
   754 | D:5      | Killed a bullfrog
   754 | D:5      | Reached skill level 1 in Dodging
   754 | D:5      | Reached XP level 5. HP: 13/43 MP: 6/6
  1017 | D:6      | Noticed Eustachio
  1019 | D:6      | Noticed a bullfrog
  1049 | D:7      | Killed a bullfrog
  1049 | D:7      | Reached skill level 5 in Fighting
  1138 | D:7      | Reached XP level 6. HP: 21/51 MP: 7/7
  1389 | D:7      | Slain by Eustachio

Skill      XL: |  1  2  3  4  5  6 |
---------------+-------------------+-----
Fighting       | 4 5 |  5.0
Axes           | 3 4 |  4.3
Armour         | 3 |  3.3
Dodging        | 1 |  1.3
Stealth        | |  0.2
Invocations    | |  2.2

Action                   |  1- 3 |  4- 6 || total
-------------------------+-------+-------++-------
Melee: Hand axe          |    49 |    80 ||   129
 Abil: Dig               |     3 |       ||     3
  Use: Scroll            |     1 |     2 ||     3
       Potion            |       |     4 ||     4
  Eat: Ration            |       |     1 ||     1
Armor: Ring mail         |    15 |    29 ||    44
Dodge: Dodged            |    30 |    50 ||    80
